 Dungeon Crawl Stone Soup version 0.14.0-17-gc0b17a5 (webtiles) character file.

258 Infinimo the Vexing (level 5, -2/31 HPs)
             Began as a Halfling Enchanter on Apr 19, 2014.
             Killed by divine providence
             ... invoked by an orc priest
              (16 damage)
             ... on Level 3 of the Dungeon.
             The game lasted 00:05:32 (3872 turns).

Infinimo the Vexing (Halfling Enchanter)            Turns: 3872, Time: 00:05:32

HP  -2/31        AC  4     Str  6      XL: 5   Next: 72%
MP   7/7         EV 15     Int 15      God:
Gold 95          SH  0     Dex 17      Spells:  2 memorised,  4 levels left

rFire  . . .     SeeInvis .     a - +1,+2 dagger
rCold  . . .     Clarity  .     b - +1 robe
rNeg   . . .     Conserve .     (no shield)
rPois  .         rCorr    .     (no helmet)
rElec  .         rRot     .     m - +0 cloak
SustAb . .       Spirit   .     (no gloves)
rMut   .         Warding  .     (no boots)
Saprov . . .     Stasis   .     (no amulet)
MR     .....                    (no ring)
                                (no ring)

@: not resistant to hostile enchantments, quite stealthy
A: mutation resistance 1, slow metabolism 1
a: no special abilities


You were on level 3 of the Dungeon.
You were very hungry.

You visited 1 branch of the dungeon, and saw 3 of its levels.

You collected 95 gold pieces.

Inventory:

Hand weapons
 a - a +1,+2 dagger (weapon)
Missiles
 d - 12 darts (quivered)
Armour
 b - a +1 robe (worn)
 m - a +0 cloak (worn)
Comestibles
 f - 5 bread rations
 k - a meat ration
 u - an apple
Scrolls
 e - a scroll of noise {unknown}
 g - a scroll of fog
 i - 2 scrolls of immolation {unknown}
 j - a scroll of blinking
 q - a scroll of enchant armour {unknown}
 s - a scroll of enchant weapon II
 t - a scroll of random uselessness {unknown}
Jewellery
 o - a cursed -2,-3 ring of slaying {unknown}
 p - an uncursed amulet of guardian spirit {unknown}
Potions
 h - a potion of restore abilities {unknown}
 l - a potion of curing {unknown}
 n - a potion of heal wounds {unknown}
 v - a potion of confusion {unknown}
Books
 c - a book of Maledictions

   Spells                             Type                      Level
   *Corona                            Hexes                        1
   Sure Blade                         Hexes/Charms                 2
   *Ensorcelled Hibernation           Hexes/Ice                    2
   Confuse                            Hexes                        3
   Enslavement                        Hexes                        4
   Invisibility                       Hexes                        6


   Skills:
 - Level 1.3 Short Blades
 - Level 1.3 Throwing
 - Level 2.4 Dodging
 + Level 4.2 Stealth
 - Level 1.5 Spellcasting
 - Level 5.0 Hexes


You had 4 spell levels left.
You knew the following spells:

 Your Spells              Type           Power        Failure   Level  Hunger
a - Corona                Hex            ###....      3%          1    ##.....
b - Ensorcelled Hibernat  Hex/Ice        #.....       14%         2    ###....


Dungeon Overview and Level Annotations

Branches:
Dungeon (3/15)

Altars:
Elyvilon
Fedhas


Innate Abilities, Weirdness & Mutations

You are small and have problems with some larger weapons.
You are somewhat resistant to further mutation.
You have a slow metabolism.


Message History

An orc priest is nearby!
A giant mite comes into view.
The giant mite moves out of view.
An orc and an orc wizard come into view.
The orc wizard shouts!
The orc moves out of view.
An orc comes into view.
The orc wizard casts a spell at you. The magic dart hits you!
The orc moves out of view.
The orc wizard points at you and mumbles some strange words.
The magic dart hits you!
The orc priest's eyes start to glow.
The orc wizard gestures wildly while chanting.
The orc wizard seems to speed up.
The orc wizard casts a spell at you. The magic dart hits you!
The orc priest invokes the aid of Beogh against you.
Something smites you!
Ouch! That really hurt!
You die...

#####.# #..#
#####.##########..#
........).........#
..................#
.#####..########..#
........########..#
..................#
#####..#########..#
#..# #@.#
#..#########..#
#####.............#
..................#
...#####..........#
...# #..######..#
...# #..# #..#
..... ....######oo#
......[...........#


You could see an orc priest and an orc wizard.

Vanquished Creatures
  Natasha (D:3)
  4 adders
  2 gnolls (D:1)
  2 giant mites (D:2)
  A worm (D:2)
  A giant gecko (D:1)
  2 oozes (D:1)
  3 orcs (D:3)
  A ball python (D:1)
  5 bats
  5 giant cockroaches
  5 goblins
  6 hobgoblins
  4 jackals (D:1)
  6 giant newts
  8 kobolds
  7 rats
63 creatures vanquished.

Notes
Turn   | Place    | Note
--------------------------------------------------------------
     0 | D:1      | Infinimo, the Halfling Enchanter, began the quest for the Orb.
     0 | D:1      | Reached XP level 1. HP: 11/11 MP: 2/2
    23 | D:1      | Reached skill level 3 in Hexes
   358 | D:1      | Reached XP level 2. HP: 15/17 MP: 3/3
   582 | D:1      | Learned a level 2 spell: Ensorcelled Hibernation
  1070 | D:1      | Reached XP level 3. HP: 21/21 MP: 5/5
  1347 | D:1      | Reached skill level 4 in Hexes
  1646 | D:1      | Reached XP level 4. HP: 25/27 MP: 1/6
  2984 | D:2      | Reached XP level 5. HP: 31/31 MP: 7/7
  3009 | D:2      | Found a blossoming altar of Fedhas.
  3100 | D:2      | Found a white marble altar of Elyvilon.
  3257 | D:3      | Reached skill level 5 in Hexes
  3547 | D:3      | Noticed Natasha
  3553 | D:3      | Killed Natasha
  3872 | D:3      | Killed from afar by an orc priest

Action                   |  1- 3 |  4- 6 || total
-------------------------+-------+-------++-------
Melee: Dagger            |   148 |   115 ||   263
 Cast: Ensorcelled Hiber |     7 |    15 ||    22
       Corona            |     1 |       ||     1
  Use: Scroll            |       |     5 ||     5
       Potion            |       |     1 ||     1
 Stab: Sleeping          |     5 |    13 ||    18
